 Dungeon Crawl Stone Soup version 0.19.0-19-g8c6edcc (webtiles) character file.

221 vev the Ducker (level 5, -1/33 HPs)
             Began as a Tengu Arcane Marksman on Nov 13, 2016.
             Slain by an iguana (5 damage)
             ... on level 4 of the Dungeon.
             The game lasted 00:03:06 (2242 turns).

vev the Ducker (Tengu Arcane Marksman)              Turns: 2242, Time: 00:03:07

Health: -1/33      AC:  5    Str: 12    XL:     5   Next: 98%
Magic:  4/7        EV: 15    Int: 13    God:
Gold:   98         SH:  0    Dex: 14    Spells: 1 memorised, 5 levels left

rFire  . . .     SeeInvis .     b - +2 hand axe (chop)
rCold  . . .     Gourm    .     l - +0 ring mail
rNeg   . . .     Faith    .     (no shield)
rPois  .         Spirit   .     (helmet restricted)
rElec  .         Reflect  .     (no cloak)
rCorr  .         Harm     .     (no gloves)
MR     .....                    (boots unavailable)
Stlth  ++........               (no amulet)
                                (no ring)
                                h - ring of stealth

@: flying quickly and evasively, quick
A: beak, talons 3, able to fly 1
a: no special abilities


You were on level 4 of the Dungeon.
You were not hungry.

You visited 1 branch of the dungeon, and saw 3 of its levels.

You collected 98 gold pieces.

Inventory:

Hand Weapons
 a - a +0 hand crossbow
 b - a +2 hand axe of chopping (weapon)
Missiles
 d - 20 bolts
Armour
 e - a +0 robe
 l - a +0 ring mail (worn)
 r - a cursed +0 chain mail
Jewellery
 h - a ring of stealth (left hand)
 o - an uncursed amulet of rage {unknown}
Scrolls
 g - a scroll of amnesia {unknown}
 i - a scroll of immolation {unknown}
 j - 2 scrolls of blinking {unknown}
 k - a scroll of enchant weapon {unknown}
 n - a scroll of remove curse {unknown}
 q - 3 scrolls of teleportation {unknown}
 t - 3 scrolls of identify {unknown}
Potions
 m - a potion of mutation {unknown}
 p - 2 potions of curing {unknown}
 s - a potion of agility {unknown}
 v - a potion of resistance {unknown}
Books
 c - a book of Debilitation

   Spells                             Type                      Level
   a - Corona                         Hexes                        1
   b - Slow                           Hexes                        2
   c - Gell's Gravitas                Hexes/Translocation          3
   d - Inner Flame                    Hexes/Fire                   3
   e - Cause Fear                     Hexes                        4
   f - Leda's Liquefaction            Hexes/Earth                  4
Comestibles
 f - a bread ration
 u - a meat ration
 w - 8 chunks of flesh


   Skills:
 + Level 4.0 Fighting
 - Level 2.1 Crossbows
 + Level 4.8 Dodging
 - Level 1.0 Spellcasting
 - Level 2.1 Hexes


You had 5 spell levels left.
You knew the following spells:

 Your Spells              Type           Power        Failure   Level  Hunger
a - Corona                Hex            #......      30%         1    ##.....


Dungeon Overview and Level Annotations

Branches:
Dungeon (2/15)

Altars:


Innate Abilities, Weirdness & Mutations

You have a beak for a mouth.
You have claws for feet.
You can fly.


Message History

You hit the giant cockroach.
You claw the giant cockroach, but do no damage.
You peck the giant cockroach.
You kill the giant cockroach!
You hit the iguana. You claw the iguana, but do no damage.
The iguana is severely wounded.
The iguana bites you! The iguana misses you.
You hit the iguana but do no damage. You claw the iguana, but do no damage.
The iguana is severely wounded.
The iguana bites you but does no damage.
You closely miss the iguana. You claw the iguana, but do no damage.
The iguana is severely wounded.
The iguana bites you.
* * * LOW HITPOINT WARNING * * *
You hit the iguana.
The iguana is almost dead.
The iguana bites you!
* * * LOW HITPOINT WARNING * * *
The iguana bites you.
You die...

.. #..###.###...####
...### #..#.............
......####................
........................
#...........##....#.##
#.....##.##.##....#.#
#..(.....##.##....#.#
###.#l#####.##....#.#
#.#@#####.##....#.##
..#.......##........
...####.........####.
#######.#....##..####.
#.###............
##.#....##..####.
#..<...##..####.
#...##[##.......
#..........#####


You could see an iguana.

Vanquished Creatures
  An ogre (D:4)
  A howler monkey (D:4)
  A worker ant (D:4)
  2 adders
  An ooze (D:2)
  A worm (D:4)
  A dart slug (D:2)
  An orc (D:4)
  2 ball pythons
  3 giant cockroaches
  2 goblins
  11 hobgoblins
  8 jackals
  A quokka (D:1)
  6 bats
  3 frilled lizards
  4 kobolds
  A rat (D:1)
50 creatures vanquished.

Notes
Turn   | Place    | Note
-------+----------+-------------------------------------------
     0 | D:1      | vev the Tengu Arcane Marksman began the quest for the Orb.
     0 | D:1      | Reached XP level 1. HP: 12/12 MP: 3/3
   319 | D:1      | Reached XP level 2. HP: 16/16 MP: 4/4
   648 | D:1      | Reached skill level 2 in Fighting
   689 | D:1      | Reached skill level 3 in Dodging
   902 | D:1      | You fall through a shaft!
  1025 | D:1      | Reached XP level 3. HP: 19/21 MP: 5/5
  1631 | D:2      | Reached XP level 4. HP: 27/27 MP: 6/6
  1878 | D:2      | You fall through a shaft for 2 floors!
  2022 | D:4      | Noticed an ogre
  2028 | D:4      | Killed an ogre
  2028 | D:4      | Reached skill level 3 in Fighting
  2028 | D:4      | Reached skill level 4 in Dodging
  2028 | D:4      | Gained mutation: You can fly. [Tengu growth]
  2028 | D:4      | Reached XP level 5. HP: 32/32 MP: 7/7
  2101 | D:4      | Reached skill level 4 in Fighting
  2242 | D:4      | Slain by an iguana

Skill      XL: |  1  2  3  4  5 |
---------------+----------------+-----
Fighting       | 2 3 4 |  4.0
Dodging        | 3 4 |  4.8
Crossbows      | |  2.1
Spellcasting   | |  1.0
Hexes          | |  2.1

Action                   |  1- 3 |  4- 6 || total
-------------------------+-------+-------++-------
Melee: Hand axe          |    75 |    54 ||   129
       Peck              |     8 |     6 ||    14
       Kick              |    14 |    13 ||    27
 Fire: Hand crossbow     |     2 |     2 ||     4
 Abil: Fly               |       |     1 ||     1
 Stab: Sleeping          |       |     2 ||     2
  Eat: Chunk             |     2 |     2 ||     4
Armor: Robe              |     5 |       ||     5
       Ring mail         |    24 |    16 ||    40
Dodge: Dodged            |    72 |    42 ||   114
